 Dungeon Crawl Stone Soup version 0.31-a0-986-g5e6e4ef867 (webtiles) character file.

Game seed: 14397190583079256016

74 fernweh the Slasher (level 4, -10/36 HPs)
             Began as a Gnoll Chaos Knight on Nov 22, 2023.
             Was a Plaything of Xom.
             Killed by an exploding gnoll (23 damage)
             ... ignited by their inner flame
             ... on level 3 of the Dungeon.
             The game lasted 00:04:23 (1462 turns).

fernweh the Slasher (Gnoll Chaos Knight)            Turns: 1462, Time: 00:04:25

Health: -10/36     AC:  6    Str: 13    XL:     4   Next: 30%
Magic:  5/5        EV: 12    Int: 12    God:    Xom [.....*]
Gold:   52         SH:  0    Dex: 11    Spells: 5/5 levels left

rFire   . . .        a - +0 falchion (chaos)
rCold   . . .        (no shield)
rNeg    . . .        b - +2 leather armour
rPois   .            (no helmet)
rElec   .            (no cloak)
rCorr   .            (no gloves)
SInv    .            l - +0 pair of boots
Will    .....        g - amulet of magic regeneration
Stlth   +            (no ring)
HPRegen 0.26/turn    (no ring)
MPRegen 0.49/turn

%: no passive effects
@: no status effects
A: fangs 1, strong nose, distributed training, hooves 1, frail 1, MP-powered
wands
a: Renounce Religion


You were on level 3 of the Dungeon.
You worshipped Xom.
You were Xom's teddy bear.
You visited 1 branch of the dungeon, and saw 3 of its levels.

You collected 52 gold pieces.

Inventory:

Hand Weapons
 a - a +0 falchion of chaos (weapon)
 n - the +8 dagger of Plog {speed, rPois rF- Int+3}
   (You found it on level 2 of the Dungeon)

   Int+3:     It affects your intelligence (+3).
   rF-:       It makes you vulnerable to fire.
   rPois:     It protects you from poison
Missiles
 m - 19 stones
Armour
 b - a +2 leather armour (worn)
 l - a +0 pair of boots (worn)
Magical Staves
 e - a staff of earth
Jewellery
 g - an amulet of magic regeneration (around neck)
 h - an amulet of faith
Scrolls
 c - a scroll of butterflies
 d - 3 scrolls of identify
 j - a scroll of fog
 k - a scroll of vulnerability {unknown}
 p - a scroll of blinking {unknown}
 q - a scroll of amnesia {unknown}
 r - a scroll of noise {unknown}
Potions
 f - a potion of curing {unknown}
 o - 2 potions of attraction {unknown}


   Skills:
 + Level 6.6 Fighting
 + Level 1.1 Short Blades
 + Level 6.6 Long Blades
 + Level 1.1 Axes
 + Level 1.1 Maces & Flails
 + Level 1.1 Polearms
 + Level 1.1 Staves
 + Level 1.1 Ranged Weapons
 + Level 1.1 Throwing
 + Level 4.6 Armour
 + Level 2.7 Dodging
 + Level 1.1 Stealth
 + Level 1.1 Shields
 + Level 1.1 Unarmed Combat
 + Level 1.1 Spellcasting
 + Level 0.8 Conjurations
 + Level 0.8 Hexes
 + Level 0.8 Summonings
 + Level 0.8 Necromancy
 + Level 0.8 Translocations
 + Level 0.8 Transmutations
 + Level 0.8 Fire Magic
 + Level 0.8 Ice Magic
 + Level 0.8 Air Magic
 + Level 0.8 Earth Magic
 + Level 0.8 Poison Magic
 + Level 1.2 Invocations
 + Level 1.1 Evocations
 + Level 1.0 Shapeshifting


You had 5 spell levels left.
You didn't know any spells.
Your spell library was empty.

Dungeon Overview and Level Annotations

Branches:
Dungeon (3/15)

Altars:


Innate Abilities, Weirdness & Mutations

You have very sharp teeth.
Your uncanny sense of smell can sniff out nearby items.
Your experience applies equally to all skills.
You have large cloven feet.
You are frail. (-10% HP)
You expend magic power (3 MP) to strengthen your wands.


Message History

There is a stone staircase leading down here.
You climb downwards.
You hear the sound of rushing water.
There is an entrance to a sewer on this level.
Hurry and find it before the portal rusts away!
There is a stone staircase leading up here.
A worm comes into view.
The helpless worm fails to defend itself.
You slash the worm! You burn the worm.
The worm is severely wounded.
The worm bites you.
You slash the worm!
The worm is almost dead.
You hit the worm. You burn the worm.
You kill the worm!
Found 15 gold pieces.
A gnoll comes into view. It is wielding a +0 flail.
The gnoll shouts!
You hear an angry hiss.
You hear a shout!
A ball python comes into view.
The ball python hisses angrily.
The ball python moves out of view.
An orc comes into view. It is wielding a +0 club.
You see here 15 gold pieces.
You now have 52 gold pieces (gained 15).
The orc shouts!
You hit the gnoll but do no damage.
The gnoll suddenly seems more agile.
The gnoll hits you with a +0 flail.
You barely miss the gnoll. The gnoll hits you with a +0 flail.
As you read the scroll labelled LEROEW OCUATE, it crumbles to dust.
The creatures around you are filled with an inner flame!
It was a scroll of immolation.
The gnoll misses you. The gnoll attacks as it pursues you!
The gnoll hits you with a +0 flail. The gnoll attacks as it pursues you!
The gnoll hits you with a +0 flail!
You hit the gnoll.
Flame seeps out of the gnoll.
The gnoll is poisoned.
The gnoll is heavily wounded.
The gnoll is engulfed in blazing flames.
The gnoll explodes!
The fiery explosion engulfs you!!
Ouch! That really hurt!
You die...
Xom laughs nastily!

.# #####.#
#..#..# .. ∆
#..#.. #..#
#..#.####...###
∆#..#..o...###.#
#§§S...####...#
#§○##### #.#.#
#§@########.#<#
∆
#...........###
#.......#######
#........#
..........# ∆
####.......# ∆
.........#
##........#
#........#


You could see a ball python (inner flame).

Vanquished Creatures
  Terence (D:2)
  A gnoll (D:3)
  An adder (D:2)
  2 worms
  2 ball pythons (D:1)
  4 bats
  4 endoplasms
  2 giant cockroaches (D:1)
  2 hobgoblins (D:1)
  4 quokkas
  A frilled lizard (D:2)
  2 goblins
  4 kobolds (D:1)
  3 rats
33 creatures vanquished.

Notes
Turn   | Place    | Note
-------+----------+-------------------------------------------
     0 | D:1      | fernweh the Gnoll Chaos Knight began the quest for the Orb.
     0 | D:1      | Reached XP level 1. HP: 23/23 MP: 1/1
    71 | D:1      | XOM: silly message
   138 | D:1      | Reached XP level 2. HP: 29/29 MP: 2/2
   205 | D:1      | XOM: divination: detect creatures
   361 | D:1      | XOM: blink monster(s)
   429 | D:1      | XOM: summons 2 hostile demons
   430 | D:1      | Noticed a crimson imp
   591 | D:1      | XOM: summons 2 hostile demons
   592 | D:1      | Noticed a crimson imp
   755 | D:2      | Noticed Terence
   760 | D:2      | Gained mutation: You expend magic power (3 MP) to
                  | strengthen your wands. [potion of mutation]
   760 | D:2      | Gained mutation: You have large cloven feet. [potion of
                  | mutation]
   760 | D:2      | Gained mutation: You are frail. (-10% HP) [potion of
                  | mutation]
   778 | D:2      | Killed Terence
   779 | D:2      | Reached skill level 1 in Short Blades
   779 | D:2      | Reached skill level 1 in Axes
   779 | D:2      | Reached skill level 1 in Maces & Flails
   779 | D:2      | Reached skill level 1 in Polearms
   779 | D:2      | Reached skill level 1 in Staves
   779 | D:2      | Reached skill level 1 in Ranged Weapons
   779 | D:2      | Reached skill level 1 in Throwing
   779 | D:2      | Reached skill level 1 in Stealth
   779 | D:2      | Reached skill level 1 in Shields
   779 | D:2      | Reached skill level 1 in Unarmed Combat
   779 | D:2      | Reached skill level 1 in Spellcasting
   779 | D:2      | Reached skill level 1 in Invocations
   779 | D:2      | Reached skill level 1 in Evocations
   779 | D:2      | Reached XP level 3. HP: 17/31 MP: 2/4
   895 | D:2      | Identified the +8 dagger of Plog {speed, rPois rF- Int+3}
  1001 | D:2      | XOM: cloud trail
  1078 | D:2      | Reached XP level 4. HP: 36/36 MP: 5/5
  1174 | D:2      | XOM: scenery: summon butterflies
  1207 | D:2      | Reached skill level 1 in Shapeshifting
  1462 | D:3      | Killed by an exploding gnoll... ignited by their inner
                  | flame

Illustrated notes

Levels and vault maps discovered:
D:1:      dpeg_arrival_castle, layout_rooms, minmay_close_crescents
D:2:      layout_loops_ring, hex_tiny, uniq_terence
D:3:      minmay_evil_eye, layout_basic, portal_sewer_entry_c, serial_shops,
          shop, minmay_stone_trees_medium, chequers_serial_rivers_room_b,
          uniq_sigmund

Skill      XL: |  1  2  3  4 |
---------------+-------------+-----
Short Blades   | 1 |  1.1
Axes           | 1 |  1.1
Maces & Flails | 1 |  1.1
Polearms       | 1 |  1.1
Staves         | 1 |  1.1
Ranged Weapons | 1 |  1.1
Throwing       | 1 |  1.1
Stealth        | 1 |  1.1
Shields        | 1 |  1.1
Unarmed Combat | 1 |  1.1
Spellcasting   | 1 |  1.1
Invocations    | 1 |  1.2
Evocations     | 1 |  1.1
Shapeshifting  | 1 |  1.0
Fighting       | |  6.6
Long Blades    | |  6.6
Armour         | |  4.6
Dodging        | |  2.7
Conjurations   | |  0.8
Hexes          | |  0.8
Summonings     | |  0.8
Necromancy     | |  0.8
Translocations | |  0.8
Transmutations | |  0.8
Fire Magic     | |  0.8
Ice Magic      | |  0.8
Air Magic      | |  0.8
Earth Magic    | |  0.8
Poison Magic   | |  0.8

Action                     |  1- 3 |  4- 6 || total
---------------------------+-------+-------++-------
  Melee: Falchion          |   131 |    20 ||   151
         Bite              |     4 |     1 ||     5
         Punch             |       |     1 ||     1
    Use: Scroll            |     1 |     1 ||     2
         Potion            |     1 |       ||     1
   Stab: Paralysed         |     3 |       ||     3
         Sleeping          |       |     1 ||     1
 Armour: Leather armour    |    87 |    10 ||    97
  Dodge: Dodged            |    93 |     9 ||   102

Table legend: (Time is in decaauts)
 A = Elapsed time spent in this place.
 B = Non-inter-level travel time spent in this place.
 C = Inter-level travel time spent in this place.
 D = Time resting spent in this place.
 E = Time spent auto-exploring this place.
 F = Levels seen in this place.
 G = Mean time per level.
                   A        B        C        D        E       F      G
               +--------+--------+--------+--------+--------+-----+--------+
         Total |   1464 |   1406 |     58 |      0 |   1055 |   3 |  488.0 |
       Dungeon |   1464 |   1406 |     58 |      0 |   1055 |   3 |  488.0 |
               +--------+--------+--------+--------+--------+-----+--------+

Top non-repeatable levels by time:
     D:1: 742 daAuts
     D:2: 691 daAuts
     D:3: 30 daAuts
